 Dungeon Crawl Stone Soup version 0.20-a0-544-g2b9a704 (webtiles) character file.

122 krabocopter the Firebug (level 4, 0/30 HPs)
             Began as a Mummy Fire Elementalist on Jan 31, 2017.
             Slain by Grinder (2 damage)
             ... on level 3 of the Dungeon.
             The game lasted 00:10:59 (2552 turns).

krabocopter the Firebug (Mummy Fire Elementalist)   Turns: 2552, Time: 00:11:01

Health: 0/30       AC:  3    Str: 11    XL:     4   Next: 78%
Magic:  8/8        EV: 12    Int: 15    God:
Gold:   69         SH:  0    Dex: 12    Spells: 7/8 levels left

rFire    x . .     SeeInvis .   h - +0 mace
rCold    + . .     Gourm    .   a - +0 robe
rNeg     + + +     Faith    .   (no shield)
rPois    ∞         Spirit   .   (no helmet)
rElec    .         Reflect  .   i - +0 cloak
rCorr    .         Harm     .   (no gloves)
MR       .....     Rnd*Tele +   (no boots)
Stlth    ++........             (no amulet)
Regen    0.1/turn               j - ring of teleportation (curse)
                                e - ring of flight

@: no status effects
A: no food or potions, fire vulnerability, cold resistance 1, negative energy
resistance 3, torment resistance, unbreathing
a: Evoke Flight


You were on level 3 of the Dungeon.
You were not hungry.

You visited 1 branch of the dungeon, and saw 3 of its levels.

You collected 69 gold pieces.

Inventory:

Hand Weapons
 h - a +0 mace (weapon)
Armour
 a - a +0 robe (worn)
 g - a +0 leather armour
 i - a +0 cloak (worn)
Jewellery
 e - a ring of flight (left hand)
 j - a cursed ring of teleportation (right hand)
Scrolls
 d - a scroll of remove curse
Books
 b - a book of Flames

   Spells                             Type                      Level
   a - Flame Tongue                   Conjuration/Fire             1
   b - Throw Flame                    Conjuration/Fire             2
   c - Conjure Flame                  Conjuration/Fire             3
   d - Inner Flame                    Hexes/Fire                   3
   e - Sticky Flame                   Conjuration/Fire             4
   f - Fireball                       Conjuration/Fire             5


   Skills:
 - Level 1.5 Dodging
 - Level 1.5 Stealth
 - Level 2.6 Spellcasting
 + Level 2.6 Conjurations
 + Level 3.7 Fire Magic


You had 7 spell levels left.
You knew the following spells:

 Your Spells              Type           Power        Failure   Level  Hunger
a - Flame Tongue          Conj/Fire      ##...        8%          1    N/A

Dungeon Overview and Level Annotations

Branches:
Dungeon (3/15)

Altars:
Makhleb
Yredelemnul

Annotations:
D:3 Grinder; getnixed's ghost, amateur BaFi


Innate Abilities, Weirdness & Mutations

You do not eat or drink.
Your flesh is vulnerable to fire.
You are immune to poison.
Your flesh is cold resistant. (rC+)
You are immune to negative energy. (rN+++)
You are immune to unholy pain and torment.
You can survive without breathing.


Message History

An orc comes into view. It is wielding a vampiric dagger.
The orc moves out of view.
A bat comes into view.
The bat moves out of view.
Grinder comes into view.
Grinder moves out of view.
Found a bread ration.
The bat hits you.
* * * LOW HITPOINT WARNING * * *
The bat barely misses you.
Grinder shouts!
The bat hits you but does no damage. The bat barely misses you.
The bat hits you.
* * * LOW HITPOINT WARNING * * *
Grinder hits you.
* * * LOW HITPOINT WARNING * * *
There is a stone staircase leading up here.
The bat barely misses you. Grinder hits you.
You die...

.#.##.#g# #.....# #
# #.###)###.##.#
..## #.##.........#
.....#.##..###.####
.%......o...###.#
.........g†...#.#
..###...##g#....#
#...##...†..#
........5@...#
###...##.b....#
.......#...##
#....#####.## ..
#.# . ... .#.# >#


You could see Grinder, an orc, 2 hobgoblins and a bat.

Vanquished Creatures
  A hound (D:3)
  4 adders
  3 worms (D:2)
  A dart slug (D:2)
  3 leopard geckos
  2 giant cockroaches
  4 hobgoblins
  3 kobolds
  4 bats
  11 frilled lizards
  8 goblins
  5 rats (D:1)
49 creatures vanquished.

Vanquished Creatures (others)
  A goblin (D:3)
  A rat (D:3)
2 creatures vanquished.

Grand Total: 51 creatures vanquished

Notes
Turn   | Place    | Note
-------+----------+-------------------------------------------
     0 | D:1      | krabocopter the Mummy Fire Elementalist began the quest for the Orb.
     0 | D:1      | Reached XP level 1. HP: 13/13 MP: 4/4
    43 | D:1      | Reached skill level 1 in Conjurations
   321 | D:1      | Reached XP level 2. HP: 15/19 MP: 5/5
  1277 | D:2      | Reached skill level 3 in Fire Magic
  1453 | D:2      | Reached XP level 3. HP: 21/24 MP: 7/7
  1961 | D:2      | Reached XP level 4. HP: 20/30 MP: 4/8
  2131 | D:2      | Found a basalt altar of Yredelemnul.
  2480 | D:3      | Found a burning altar of Makhleb.
  2481 | D:3      | Noticed getnixed's ghost (amateur BaFi)
  2545 | D:3      | Noticed Grinder
  2552 | D:3      | Slain by Grinder

Vault maps used:
D:1:      scummos_arrival_checkerplants, minmay_hexomino_p4
D:2:      yredelemnul_altar_generic, first_bread, grunt_ministairs_3,
          minmay_lizard_pond
D:3:      elyvilon_altar_4, grunt_ministairs_1, makhleb_heckhound_becter,
          uniq_grinder

Skill      XL: |  1  2  3 |
---------------+----------+-----
Conjurations   | 1 2 |  2.6
Fire Magic     | 3 |  3.7
Dodging        | |  1.5
Stealth        | |  1.5
Spellcasting   | |  2.6

Action                   |  1- 3 |  4- 6 || total
-------------------------+-------+-------++-------
Melee: Whip              |    69 |       ||    69
       Unarmed           |     1 |       ||     1
       Mace              |    30 |    26 ||    56
 Cast: Flame Tongue      |    31 |    10 ||    41
  Use: Scroll            |     1 |     2 ||     3
 Stab: Sleeping          |     3 |       ||     3
Armor: Robe              |    17 |     9 ||    26
Dodge: Dodged            |    82 |    28 ||   110
